 Dungeon Crawl Stone Soup version 0.30-a0-1008-g30c9307041 (webtiles) character file.

Game seed: 6897818657595231246

82 Newt the Shooter (level 4, -11/31 HPs)
             Began as a Kobold Hunter on Apr 5, 2023.
             Mangled by an ogre
             ... wielding a +0 giant spiked club
              (22 damage)
             ... on level 3 of the Dungeon.
             The game lasted 00:01:25 (1919 turns).

Newt the Shooter (Kobold Hunter)                    Turns: 1919, Time: 00:01:26

Health: -11/31     AC:  3    Str:  8    XL:     4   Next: 70%
Magic:  4/4        EV: 14    Int: 10    God:
Gold:   107        SH:  0    Dex: 20    Spells: 3/3 levels left

rFire   . . .      SeeInvis +    a - +0 shortbow
rCold   . . .      Faith    .    (shield currently unavailable)
rNeg    . . .      Spirit   .    c - +0 leather armour
rPois   .          Reflect  .    (no helmet)
rElec   .          Rampage  .    (no cloak)
rCorr   .                        (no gloves)
Will    .....                    (no boots)
Stlth   +++                      (no amulet)
HPRegen 0.25/turn                i - ring of see invisible
MPRegen 0.09/turn                (no ring)

@: attractive, flying
A: small, no large weapons, nightstalker 3
a: no special abilities


You were on level 3 of the Dungeon.
You visited 1 branch of the dungeon, and saw 3 of its levels.

You collected 107 gold pieces.

Inventory:

Hand Weapons
 a - a +0 shortbow (weapon)
Armour
 c - a +0 leather armour (worn)
Jewellery
 i - a ring of see invisible (left hand)
Scrolls
 b - a scroll of immolation
 d - 2 scrolls of identify
Potions
 e - 2 potions of brilliance


   Skills:
 - Level 5.0 Fighting
 + Level 5.3 Ranged Weapons
 - Level 2.4 Dodging
 - Level 1.3 Stealth


You had 3 spell levels left.
You didn't know any spells.
Your spell library was empty.

Dungeon Overview and Level Annotations

Branches:
Dungeon (3/15)

Altars:

Annotations:
D:3 Terence


Innate Abilities, Weirdness & Mutations

You are small and have problems with some larger weapons.
You are completely attuned to the shadows.


Message History

Press: ? - help, Shift-Dir - straight line, f/p - ogre
Aim: an ogre, wielding a +0 giant spiked club (heavily wounded, inner flame, 79% to hit)
You shoot an arrow. The arrow closely misses the ogre.
The arrow hits Terence!
Flame seeps out of Terence.
Terence is moderately wounded.
Terence is engulfed in blazing flames.
Flame seeps out of Terence.
The ogre hits you with a +0 giant spiked club!
Unknown command.
It was a potion of curing.
You feel better.
The ogre hits you with a +0 giant spiked club!!
Ouch! That really hurt!
* * * LOW HITPOINT WARNING * * *
Unknown command.
It was a potion of attraction.
You feel attractive to monsters.
Unknown command.
It was a potion of flight.
You feel very buoyant.
You fly up into the air.
The ogre closely misses you.
Unknown command.
Unknown command.
Terence is attracted toward you. Terence is attracted toward you.
The ogre attacks as you move away! The ogre barely misses you.
Terence shouts, "Get ready for death!"
The ogre is attracted toward you. Terence is attracted toward you.
Terence is attracted toward you. The ogre attacks as you move away!
The ogre closely misses you. Terence is attracted toward you.
The ogre attacks as you move away! The ogre closely misses you.
The ogre is attracted toward you. Terence is attracted toward you.
Terence is attracted toward you.
Terence says, "Rest in peace."
Terence is attracted toward you. The ogre attacks as you move away!
The ogre closely misses you. The ogre attacks as you move away!
The ogre hits you with a +0 giant spiked club!!
Ouch! That really hurt!
You die...

####### ......#
......#
######### #@.#
##........
#O.####.........
#.@....###....[.
#.<...## ##.###.
#..#.## ##.##
#....# #..#
#.##.# ##..#
#.###.# ##.#.#.
#.# #.###......


You could see an ogre (inner flame) and Terence (inner flame).

Vanquished Creatures
  Jessica (D:2)
  2 adders (D:2)
  A dart slug (D:1)
  7 ball pythons
  5 endoplasms
  A giant cockroach (D:1)
  3 goblins
  5 hobgoblins (D:1)
  2 quokkas
  2 bats (D:2)
  3 frilled lizards
  2 kobolds
  2 rats
36 creatures vanquished.

Notes
Turn   | Place    | Note
-------+----------+-------------------------------------------
     0 | D:1      | Newt the Kobold Hunter began the quest for the Orb.
     0 | D:1      | Reached XP level 1. HP: 12/12 MP: 1/1
   271 | D:1      | Reached XP level 2. HP: 15/18 MP: 2/2
   486 | D:1      | Reached XP level 3. HP: 23/23 MP: 3/3
  1114 | D:2      | Noticed Jessica
  1119 | D:2      | Killed Jessica
  1120 | D:2      | Reached XP level 4. HP: 30/30 MP: 4/4
  1594 | D:2      | Reached skill level 5 in Fighting
  1894 | D:3      | Noticed an ogre
  1895 | D:3      | Noticed Terence
  1919 | D:3      | Mangled by an ogre

Illustrated notes

Levels and vault maps discovered:
D:1:      dpeg_arrival_tiny_f, layout_basic
D:2:      layout_loops_corners, uniq_jessica
D:3:      layout_loops_ring, kennysheep_generic_room_5, uniq_terence,
          uniq_natasha

Skill      XL: |  1  2  3  4 |
---------------+-------------+-----
Fighting       | 3 4 5 |  5.0
Ranged Weapons | |  5.3
Dodging        | |  2.4
Stealth        | |  1.3

Action                     |  1- 3 |  4- 6 || total
---------------------------+-------+-------++-------
   Fire: Shortbow          |    64 |    21 ||    85
    Use: Scroll            |     4 |     1 ||     5
         Potion            |       |     3 ||     3
 Armour: Leather armour    |     4 |     2 ||     6
  Dodge: Dodged            |    13 |    14 ||    27

Table legend: (Time is in decaauts)
 A = Elapsed time spent in this place.
 B = Non-inter-level travel time spent in this place.
 C = Inter-level travel time spent in this place.
 D = Time resting spent in this place.
 E = Time spent auto-exploring this place.
 F = Levels seen in this place.
 G = Mean time per level.
                   A        B        C        D        E       F      G
               +--------+--------+--------+--------+--------+-----+--------+
         Total |   1943 |   1860 |     83 |      0 |   1659 |   3 |  647.7 |
       Dungeon |   1943 |   1860 |     83 |      0 |   1659 |   3 |  647.7 |
               +--------+--------+--------+--------+--------+-----+--------+

Top non-repeatable levels by time:
     D:2: 1016 daAuts
     D:1: 872 daAuts
     D:3: 54 daAuts
